 Dungeon Crawl Stone Soup version 0.29.1-2-gbd0b4ee654 (webtiles) character file.

Game seed: 18245992402176815826

3360 concernfroge the Fighter (level 9, 0/78 HPs)
             Began as a Mummy Monk on Nov 22, 2022.
             Was an Initiate of Gozag.
             Killed by an exploding Erolcha (5 damage)
             ... ignited by their inner flame
             ... on level 9 of the Dungeon.
             The game lasted 00:22:12 (10223 turns).

concernfroge the Fighter (Mummy Monk)              Turns: 10223, Time: 00:22:42

Health: 0/78       AC: 14    Str: 19    XL:     9   Next: 73%
Magic:  3/3        EV:  7    Int:  9    God:    Gozag
Gold:   1043       SH:  3    Dex: 14    Spells: 8/8 levels left

rFire   . . .      SeeInvis .   b - +2 trident (antimagic)
rCold   . . .      Faith    .   u - +0 buckler
rNeg    + + +      Spirit   .   p - +0 chain mail
rPois   ∞          Reflect  .   (no helmet)
rElec   .          Harm     .   o - +0 cloak
rCorr   .          Rampage  .   f - +1 pair of gloves
Will    +....                   d - +2 pair of boots
Stlth   ..........              (no amulet)
HPRegen 0.23/turn               g - ring of fire
MPRegen 0.08/turn               (no ring)

@: gold aura
A: cold resistance 1, negative energy resistance 3, torment resistance 2, heat
vulnerability 1, in touch with death 1, no potions
a: Renounce Religion, Potion Petition, Call Merchant, Bribe Branch


You were on level 9 of the Dungeon.
You worshipped Gozag.
Gozag was most pleased with you.
You visited 2 branches of the dungeon, and saw 10 of its levels.

You collected 1043 gold pieces.

Inventory:

Hand Weapons
 b - a +2 antimagic trident (weapon)
Missiles
 a - 5 atropa-tipped darts (quivered)
 l - 3 boomerangs
 q - 2 poisoned darts
Armour
 d - a +2 pair of boots (worn)
 f - a +1 pair of gloves (worn)
 o - a +0 cloak (worn)
 p - a +0 chain mail (worn)
 u - a +0 buckler (worn)
Jewellery
 g - a ring of fire (left hand)
Wands
 c - a wand of mindburst (3)
 j - a wand of digging (6)
Scrolls
 k - a scroll of immolation
 n - a scroll of amnesia
 r - a scroll of vulnerability
 t - a scroll of noise


   Skills:
 - Level 10.0 Fighting
 + Level 9.0 Polearms
 - Level 2.4 Dodging
 - Level 1.5 Stealth


You had 8 spell levels left.
You didn't know any spells.
Your spell library contained the following spells:

 Spells                   Type           Power      Damage    Failure   Level
 Magic Dart               Conj           0%         1d3       100%        1
 Summon Small Mammal      Summ           0%         N/A       100%        1
 Searing Ray              Conj           0%         2d4       100%        2
 Call Canine Familiar     Summ           0%         N/A       100%        3
 Summon Guardian Golem    Hex/Summ       0%         N/A       100%        3
 Fulminant Prism          Conj/Hex       0%         3d6       100%        4
 Petrify                  Tmut/Erth      0%         N/A       100%        4
 Irradiate                Conj/Tmut      0%         3d11      100%        5
 Summon Forest            Summ/Tloc      0%         N/A       100%        5
 Summon Mana Viper        Hex/Summ       0%         N/A       100%        5
 Summon Cactus Giant      Summ           0%         N/A       100%        6
 Sublimation of Blood     Necr           Unusable   N/A       N/A         2

Dungeon Overview and Level Annotations

Branches:
Dungeon (9/15)             Temple (1/1) D:4
   Lair: D:8-11         Orc: D:9-12

Altars:
Ashenzari
Cheibriados
Dithmenos
Fedhas
Gozag
Hepliaklqana
Kikubaaqudgha
Makhleb
Nemelex Xobeh
Okawaru
Qazlal
Ru
Sif Muna
Trog
Uskayaw
Vehumet
Wu Jian
Xom
Yredelemnul

Shops:
D:5 [

Annotations:
D:6 1 runed translucent door, llahlahkje's ghost, novice DsFi


Innate Abilities, Weirdness & Mutations

You are immune to poison.
Your flesh is cold resistant. (rC+)
You are immune to negative energy. (rN+++)
You are immune to unholy pain and torment.
You are vulnerable to heat. (rF-)
You are in touch with the powers of death.
You do not drink.


Message History

Gang up on whom?
Press: ? - help, Dir - move target There's nothing there!
What are your orders? t - Shout!
Orders for allies: a - Attack new target. r - Retreat! s - Stop attacking. g - Guard the area. f - Follow me.
Anything else - Cancel.
Retreat in which direction?
Press: ? - help, Dir - move target Fall back!
Your yak is engulfed in blazing flames.
Your yak's corpse dissolves into shadows!
Your yak explodes!
As you read the scroll of fog, it crumbles to dust.
The scroll dissolves into smoke.
Throw: 5 darts (atropa)
Press: ? - help, Q - select action, (/) - cycle Shift-Dir - straight line
Aim: Disturbance (blue smoke)
Okay, then.
Aiming: Mindburst
Press: ? - help, Shift-Dir - straight line
Aim: Disturbance (blue smoke) Nothing appears to happen.
Something hits you!
* * * LOW HITPOINT WARNING * * *
Aiming: Mindburst
Press: ? - help, Shift-Dir - straight line
Aim: Disturbance (blue smoke) Nothing appears to happen.
You closely miss something.
You hear a shout!
You puncture something!
Flame seeps out of something.
You closely miss something. You puncture something!
Reactivating autopickup.
You feel a bit more experienced.
Erolcha explodes!
The fiery explosion engulfs you.
You die...
Your body crumbles into a pile of gold.

..########.....#
...............#
...............#
..............!#
...............#####..
......§§☼§§...........
.......<§§§..###......
#....§○○§§§..# .....
#.####§§@§§### ....
#§§§§§# ### #§§§§§#
#.....# #.....#
#######


There were no monsters in sight!

Vanquished Creatures
  Erolcha (D:9)
  Grinder (D:3)
  A steam dragon (D:6)
  A water moccasin (D:5)
  2 ice beasts
  2 black bears (D:7)
  An ogre (D:7)
  2 centaurs
  3 phantoms
  A bullfrog (D:7)
  4 scorpions
  4 necrophages
  4 wights (D:5)
  6 howler monkeys
  5 orc priests
  3 hounds
  Crazy Yiuf (D:4)
  2 iguanas (D:5)
  5 orc wizards
  4 gnolls
  11 adders
  5 white imps
  An ufetubus (D:5)
  3 worms
  6 dart slugs
  19 orcs
  8 ball pythons
  9 bats
  8 endoplasms
  8 giant cockroaches
  7 goblins
  8 hobgoblins
  10 jackals (D:1)
  5 quokkas
  2 frilled lizards
  9 kobolds
  6 rats
178 creatures vanquished.

Vanquished Creatures (collateral kills)
  A wyvern (D:9)
  A steam dragon (D:9)
  A centaur (D:9)
  Terence (D:3)
4 creatures vanquished.

Grand Total: 182 creatures vanquished

Notes
Turn   | Place    | Note
-------+----------+-------------------------------------------
     0 | D:1      | concernfroge the Mummy Monk began the quest for the Orb.
     0 | D:1      | Reached XP level 1. HP: 18/18 MP: 1/1
   401 | D:1      | Reached XP level 2. HP: 12/24 MP: 2/2
   757 | D:1      | Reached skill level 4 in Fighting
   833 | D:1      | Gained mutation: You are in touch with the powers of death.
                  | [Mummy growth]
   833 | D:1      | Reached XP level 3. HP: 29/30 MP: 3/3
  1849 | D:2      | Reached XP level 4. HP: 38/38 MP: 4/4
  1911 | D:2      | Reached skill level 5 in Fighting
  2797 | D:3      | Noticed Terence
  2809 | D:3      | Killed Terence
  3108 | D:3      | Reached XP level 5. HP: 43/46 MP: 1/5
  3156 | D:3      | Reached skill level 6 in Fighting
  3214 | D:3      | Noticed Grinder
  3215 | D:3      | Paralysed by Grinder for 3 turns
  3234 | D:3      | Paralysed by Grinder for 5 turns
  3243 | D:3      | Paralysed by Grinder for 4 turns
  3262 | D:3      | Killed Grinder
  3263 | D:3      | Reached skill level 7 in Fighting
  3263 | D:3      | Reached XP level 6. HP: 16/55 MP: 2/6
  4196 | D:4      | Found a staircase to the Ecumenical Temple.
  4203 | Temple   | Entered the Ecumenical Temple
  4414 | Temple   | Became a worshipper of Gozag Ym Sagoz the Greedy
  4498 | D:4      | Reached skill level 8 in Fighting
  4498 | D:4      | Reached XP level 7. HP: 61/62 MP: 2/7
  5210 | D:4      | Found a runed translucent door.
  5211 | D:4      | Noticed Crazy Yiuf
  5458 | D:5      | Entered Level 5 of the Dungeon
  5620 | D:5      | Reached skill level 9 in Fighting
  6481 | D:5      | Reached XP level 8. HP: 53/72 MP: 2/8
  6646 | D:5      | Reached skill level 10 in Fighting
  6990 | D:4      | Killed Crazy Yiuf
  7645 | D:5      | Reached skill level 5 in Polearms
  7776 | D:5      | Found Junicodi's Armour Emporium.
  8491 | D:6      | Reached XP level 9. HP: 72/78 MP: 3/9
  8920 | D:6      | Noticed llahlahkje's ghost (novice DsFi)
  8921 | D:6      | Found a runed translucent door.
 10197 | D:9      | Noticed Erolcha
 10223 | D:9      | Killed Erolcha
 10223 | D:9      | Killed by an exploding Erolcha... ignited by their inner
                  | flame

Illustrated notes

Levels and vault maps discovered:
D:1:      giann_wishing_wells, layout_basic
D:2:      layout_basic, kennysheep_decorative_pillar
D:3:      layout_loops_cross, minmay_surrounded, uniq_terence, uniq_grinder
D:4:      layout_basic, minmay_temple_entry_nine_rooms, portal_sewer_entry_d,
          uniq_crazy_yiuf_cottage
D:5:      kennysheep_six_static_rooms, layout_loops_corners, serial_shops, shop
D:6:      layout_rooms, mainiacjoe_overflow_alcove_4,
          hellmonk_ghost_happy_afterlife
D:7:      layout_basic
D:8:      layout_cave_pools, lair_entry_dummy, kennysheep_opposing_triangles
D:9:      layout_irregular_city, uniq_erica, uniq_maurice, uniq_erolcha
Temple:   kilobyte_greek_temple

Skill      XL: |  1  2  3  4  5  6  7  8  9 |
---------------+----------------------------+-----
Fighting       | 4 5 7 8 9 10 | 10.0
Polearms       | 6 9 |  9.0
Dodging        | |  2.4
Stealth        | |  1.5

Action                   |  1- 3 |  4- 6 |  7- 9 || total
-------------------------+-------+-------+-------++-------
Melee: Spear             |   151 |       |       ||   151
       Short sword       |    38 |    55 |       ||    93
       Punch             |     2 |     1 |     5 ||     8
       Trident           |       |   116 |   534 ||   650
Throw: Dart              |       |     6 |     3 ||     9
Evoke: Wand              |       |       |     3 ||     3
  Use: Scroll            |       |     2 |    12 ||    14
 Stab: Sleeping          |     5 |     6 |       ||    11
       Distracted        |       |     1 |     2 ||     3
Armor: Leather armour    |    59 |    22 |       ||    81
       Ring mail         |       |    37 |    87 ||   124
       Chain mail        |       |       |   224 ||   224
Dodge: Dodged            |   149 |    90 |   242 ||   481
Block: Buckler           |       |       |     3 ||     3
